 Dungeon Crawl Stone Soup version 0.27.0-1-g7a089689b8 (webtiles) character file.

Game seed: 15338340063262706065

46 dtburroughs the Skirmisher (level 3, 0/24 HPs)
             Began as a Gargoyle Berserker on July 31, 2021.
             Was a Believer of Trog.
             Slain by an orc (6 damage)
             ... on level 2 of the Dungeon.
             The game lasted 00:02:27 (1653 turns).

dtburroughs the Skirmisher (Gargoyle Berserker)     Turns: 1653, Time: 00:02:27

Health: 0/24       AC:  5    Str: 20    XL:     3   Next: 68%
Magic:  3/3        EV: 12    Int:  7    God:    Trog [**....]
Gold:   17         SH:  0    Dex: 10    Spells: 2/2 levels left

rFire    . . .     SeeInvis .   h - +0 flail
rCold    . . .     Faith    .   (no shield)
rNeg     + . .     Spirit   .   b - +0 animal skin
rPois    ∞         Reflect  .   (no helmet)
rElec    +         Harm     .   (no cloak)
rCorr    .         Rampage  .   (no gloves)
Will     .....                  (no boots)
Stlth    +.........             (no amulet)
HPRegen  0.08/turn              (no ring)
MPRegen  0.08/turn              (no ring)

@: no status effects
A: sickness immunity, AC +3, negative energy resistance 1, electricity
resistance, torment resistance 1, petrification resistance
a: Renounce Religion, Berserk, Trog's Hand


You were on level 2 of the Dungeon.
You worshipped Trog.
Trog was pleased with you.
You visited 1 branch of the dungeon, and saw 2 of its levels.

You collected 17 gold pieces.

Inventory:

Hand Weapons
 a - a +0 mace
 h - a +0 flail (weapon)
Armour
 b - a +0 animal skin (worn)
Scrolls
 c - a scroll of fog {unknown}
 d - a scroll of enchant weapon {unknown}
 e - 2 scrolls of identify {unknown}
Potions
 f - a potion of curing {unknown}
 g - 2 potions of invisibility {unknown}


   Skills:
 + Level 3.8 Fighting
 + Level 3.4 Maces & Flails
 + Level 2.9 Armour
 + Level 2.0 Dodging


You had 2 spell levels left.
You didn't know any spells.
Your spell library was empty.

Dungeon Overview and Level Annotations

Branches:
Dungeon (2/15)

Altars:
Beogh


Innate Abilities, Weirdness & Mutations

You are immune to sickness and miasma.
Your stone body is resilient. (AC +3)
You are immune to poison.
You resist negative energy. (rN+)
You are resistant to electric shocks. (rElec)
You are resistant to unholy torment.
You are immune to petrification.


Message History

The orc is lightly wounded.
The orc closely misses you.
You hit the orc.
The orc is severely wounded.
The orc hits you but does no damage. x2
You barely miss the orc.
The orc is severely wounded.
The orc barely misses you.
You closely miss the orc.
The orc is severely wounded.
The orc misses you.
You completely miss the orc.
The orc is severely wounded.
The orc barely misses you.
You thump the orc!
You kill the orc!
Trog accepts your kill.
Items here: )) [ ††.
h - a +0 flail
h - a +0 flail (weapon)
You start resting.
HP restored.
e - 2 scrolls labelled VIPTEA PAXKIOTZ (gained 1)
Found a roughly hewn altar of Beogh.
An orc comes into view. It is wielding a +0 mace.
An orc comes into view. It is wielding a +0 mace.
The orc shouts!
An orc comes into view. It is wielding a +0 club.
The orc hits you but does no damage.
You thump the orc!
You kill the orc!
Trog accepts your kill.
Things that are here:
a +0 mace; an orc corpse You hit the orc but do no damage.
The orc hits you with a +0 mace.
You barely miss the orc. The orc hits you with a +0 mace. x2
You hit the orc but do no damage. The orc hits you with a +0 mace.
* * * LOW HITPOINT WARNING * * *
You completely miss the orc. The orc hits you with a +0 mace.
You die...

#.#....
...##.......#
.#.#. #.#
##.....### ...
##.###........#
#.#
#........⌠....#
#<#
#....#.###..#.#
#.# #.##.#.#
#.... #.#
#.##.#o# ####
#.# #[##.#o#
#.# #.##.#@#
#.# #.##.#.#
#.# #.##.#.#
#.#####.##.#..
#.......# ###
#########


You could see 2 orcs.

Vanquished Creatures
  A dart slug (D:1)
  2 orcs (D:2)
  5 ball pythons (D:1)
  3 endoplasms
  5 goblins
  2 hobgoblins (D:1)
  3 jackals (D:1)
  5 quokkas (D:1)
  A bat (D:1)
  3 frilled lizards (D:1)
  4 kobolds (D:1)
  4 rats (D:1)
38 creatures vanquished.

Notes
Turn   | Place    | Note
-------+----------+-------------------------------------------
     0 | D:1      | dtburroughs the Gargoyle Berserker began the quest for the
                  | Orb.
     0 | D:1      | Reached XP level 1. HP: 14/14 MP: 1/1
   338 | D:1      | Reached XP level 2. HP: 11/19 MP: 2/2
   899 | D:1      | Reached XP level 3. HP: 24/24 MP: 3/3
   901 | D:1      | Reached ** piety under Trog
  1653 | D:2      | Slain by an orc

Illustrated notes

Levels and vault maps discovered:
D:1:      evilmike_arrival_rings, layout_basic
D:2:      layout_loops_ring, hellmonk_ecumenical_altar_defaced_shrine,
          minivault_11

Skill      XL: |  1  2  3 |
---------------+----------+-----
Dodging        | 2 |  2.0
Fighting       | |  3.8
Maces & Flails | |  3.4
Armour         | |  2.9

Action                   || total
-------------------------++-------
Melee: Mace              ||   141
       Flail             ||     5
Invok: Berserk           ||     1
Armor: Animal skin       ||    31
Dodge: Dodged            ||    98
